SL
ATHLETIC CLUB KC @ RICHARDSON CITY THUNDERCATS
08/12/2032
 
TOP OF THE 1ST
Athletic Club KC batting - Pitching for Richardson City Thundercats : LHP Shunen Takahashi
Pitching: LHP Shunen Takahashi
Batting: RHB Rafael Arredondo 0-0: Ball
1-0: Ball
2-0: Ground out 6-3 (Groundball, 6)
Batting: RHB Jesús Vargas 0-0: Ball
1-0: SINGLE (Line Drive, 8LS)
Batting: SHB Pedro Vázquez 0-0: Called Strike
0-1: Called Strike
0-2: Ball
1-2: Ball
2-2: SINGLE (Line Drive, 56)
Jesús Vargas to second
Batting: RHB Andrés Medina 0-0: Called Strike
0-1: Ball
1-1: Foul Ball, location: 2F
1-2: Foul Ball, location: 2F
1-2: Ball
2-2: Foul Ball, location: 2F
2-2: Ball
3-2: DOUBLE (Line Drive, 9LM)
Jesús Vargas scores
Pedro Vázquez to third
Batting: RHB Karl Schultz 0-0: Ball
1-0: Ball
2-0: Ground out 6-3 (Groundball, 6)
Pedro Vázquez scores
Batting: RHB Pedro Solís 0-0: Ball
1-0: Foul Ball, location: 2F
1-1: Called Strike
1-2: Foul Ball, location: 2F
1-2: Fly out, F6 (Line Drive, 6MD)
Top of the 1st over - 2 runs, 3 hits, 0 errors, 1 left on base; Athletic Club KC 2 - Richardson City 0
BOTTOM OF THE 1ST
Richardson City Thundercats batting - Pitching for Athletic Club KC : LHP Donat Karczmarek
Pitching: LHP Donat Karczmarek
Batting: RHB Alfredo Pizarro 0-0: TRIPLE (Flyball, 8RXD)
Batting: RHB IV Seacat 0-0: Ball
1-0: Ground out 1-3 (Groundball, 15S)
Batting: LHB Eduardo Álvarez 0-0: Foul Ball, location: 2F
0-1: Foul Ball, location: 2F
0-2: Foul Ball, location: 2F
0-2: Reached on error, E4 (Groundball, 4)
Alfredo Pizarro scores
Batting: RHB Anselmo Berneu 0-0: Called Strike
0-1: Ball
1-1: Ball
2-1: Ball
3-1: Fly out, F3 (Popup, 3L)
Batting: SHB Mitch Qualtrough 0-0: Called Strike
0-1: Ball
1-1: Ball
2-1: Reached on error, E1 (Groundball, 15)
Eduardo Álvarez to third
Batting: RHB Tomás Martínez 0-0: Fly out, F8 (Flyball, 8LD)
Bottom of the 1st over - 1 run, 1 hit, 2 errors, 2 left on base; Athletic Club KC 2 - Richardson City 1
TOP OF THE 2ND
Athletic Club KC batting - Pitching for Richardson City Thundercats : LHP Shunen Takahashi
Batting: LHB Wu-shun Chu 0-0: Foul Ball, location: 2F
0-1: Ball
1-1: SINGLE (Flyball, 8RS)
Batting: LHB Pablo Hernández 0-0: Ball
1-0: Ball
2-0: Called Strike
2-1: Ball
3-1: Foul Ball, location: 2F
3-2: Fly out, F9 (Flyball, 89S)
Batting: RHB Khal Drogo 0-0: Ball
1-0: Ball
2-0: Ball
3-0: Called Strike
3-1: Called Strike
3-2: Ground out 6-3 (Groundball, 6)
Wu-shun Chu to second
Batting: RHB Rafael Arredondo 0-0: Ground out 6-3 (Groundball, 6)
Top of the 2nd over - 0 runs, 1 hit, 0 errors, 1 left on base; Athletic Club KC 2 - Richardson City 1
BOTTOM OF THE 2ND
Richardson City Thundercats batting - Pitching for Athletic Club KC : LHP Donat Karczmarek
Batting: LHB Ashley Thachi 0-0: Swinging Strike
0-1: Ground out 4-3 (Groundball, 4)
Batting: RHB Felipe Campos 0-0: Ball
1-0: Ball
2-0: Called Strike
2-1: Ground out 5-3 (Groundball, 5L)
Batting: RHB Javier Rivera 0-0: Called Strike
0-1: Called Strike
0-2: Ball
1-2: Ground out 6-3 (Groundball, 56)
Bottom of the 2nd over - 0 runs, 0 hits, 0 errors, 0 left on base; Athletic Club KC 2 - Richardson City 1
TOP OF THE 3RD
Athletic Club KC batting - Pitching for Richardson City Thundercats : LHP Shunen Takahashi
Batting: RHB Jesús Vargas 0-0: Ball
1-0: Ball
2-0: Called Strike
2-1: Foul Ball, location: 2F
2-2: Strikes out swinging
Batting: SHB Pedro Vázquez 0-0: Called Strike
0-1: Ball
1-1: Foul Ball, location: 2F
1-2: Ball
2-2: SINGLE (Line Drive, 8RS)
Batting: RHB Andrés Medina 0-0: Grounds into double play, 6-4-3 (Groundball, 6)
Top of the 3rd over - 0 runs, 1 hit, 0 errors, 0 left on base; Athletic Club KC 2 - Richardson City 1
BOTTOM OF THE 3RD
Richardson City Thundercats batting - Pitching for Athletic Club KC : LHP Donat Karczmarek
Batting: RHB Alfredo Pizarro 0-0: Ball
1-0: Called Strike
1-1: Foul Ball, location: 2F
1-2: Fly out, F4 (Popup, 34S)
Batting: RHB IV Seacat 0-0: SINGLE (Flyball, 7S)
Batting: LHB Eduardo Álvarez 0-0: Fielders Choice at 2nd, 4-6 (Groundball, 34D)
Batting: RHB Anselmo Berneu 0-0: Ball
1-0: Ball
2-0: Ball
3-0: Called Strike
3-1: Swinging Strike
3-2: Base on Balls
Eduardo Álvarez to second
Batting: SHB Mitch Qualtrough 0-0: Ball
1-0: Called Strike
1-1: Fielders Choice at 2nd, 6-4 (Groundball, 6)
Bottom of the 3rd over - 0 runs, 1 hit, 0 errors, 2 left on base; Athletic Club KC 2 - Richardson City 1
TOP OF THE 4TH
Athletic Club KC batting - Pitching for Richardson City Thundercats : LHP Shunen Takahashi
Batting: RHB Karl Schultz 0-0: Ball
1-0: Called Strike
1-1: Fly out, F8 (Flyball, 8LM)
Batting: RHB Pedro Solís 0-0: Ball
1-0: Fly out, F7 (Flyball, 7S)
Batting: LHB Wu-shun Chu 0-0: Ball
1-0: Ball
2-0: Ball
3-0: Called Strike
3-1: Ground out 3-1 (Groundball, 34)
Top of the 4th over - 0 runs, 0 hits, 0 errors, 0 left on base; Athletic Club KC 2 - Richardson City 1
BOTTOM OF THE 4TH
Richardson City Thundercats batting - Pitching for Athletic Club KC : LHP Donat Karczmarek
Batting: RHB Tomás Martínez 0-0: Called Strike
0-1: Fly out, F8 (Flyball, 78M)
Batting: LHB Ashley Thachi 0-0: Ball
1-0: Foul Ball, location: 2F
1-1: Foul Ball, location: 2F
1-2: Ball
2-2: Strikes out looking
Batting: RHB Felipe Campos 0-0: Ground out 5-3 (Groundball, 5)
Bottom of the 4th over - 0 runs, 0 hits, 0 errors, 0 left on base; Athletic Club KC 2 - Richardson City 1
TOP OF THE 5TH
Athletic Club KC batting - Pitching for Richardson City Thundercats : LHP Shunen Takahashi
Batting: LHB Pablo Hernández 0-0: Called Strike
0-1: Called Strike
0-2: Ball
1-2: Foul Ball, location: 2F
1-2: Ground out 5-3 (Groundball, 5)
Batting: RHB Khal Drogo 0-0: SINGLE (Line Drive, 8RS)
Batting: RHB Rafael Arredondo 0-0: Ball
1-0: Foul Ball, location: 2F
1-1: Ball
2-1: Called Strike
2-2: Strikes out looking
Batting: RHB Jesús Vargas 0-0: Ball
1-0: Fly out, F8 (Flyball, 8LM)
Top of the 5th over - 0 runs, 1 hit, 0 errors, 1 left on base; Athletic Club KC 2 - Richardson City 1
BOTTOM OF THE 5TH
Richardson City Thundercats batting - Pitching for Athletic Club KC : LHP Donat Karczmarek
Batting: RHB Javier Rivera 0-0: Swinging Strike
0-1: Ball
1-1: Ball
2-1: Swinging Strike
2-2: Foul Ball, location: 2F
2-2: Strikes out looking
Batting: RHB Alfredo Pizarro 0-0: Called Strike
0-1: Swinging Strike
0-2: Ground out 6-3 (Groundball, 6)
Batting: RHB IV Seacat 0-0: Ball
1-0: Called Strike
1-1: Fly out, F8 (Flyball, 8LXD)
Bottom of the 5th over - 0 runs, 0 hits, 0 errors, 0 left on base; Athletic Club KC 2 - Richardson City 1
TOP OF THE 6TH
Athletic Club KC batting - Pitching for Richardson City Thundercats : LHP Shunen Takahashi
Batting: SHB Pedro Vázquez 0-0: Called Strike
0-1: Ground out 5-3 (Groundball, 56)
Pitching: RHP Josef van der Poel
Batting: RHB Andrés Medina 0-0: Swinging Strike
0-1: Fly out, F7 (Flyball, 7LD)
Batting: RHB Karl Schultz 0-0: Called Strike
0-1: Ball
1-1: Fly out, F8 (Flyball, 8LD)
Top of the 6th over - 0 runs, 0 hits, 0 errors, 0 left on base; Athletic Club KC 2 - Richardson City 1
BOTTOM OF THE 6TH
Richardson City Thundercats batting - Pitching for Athletic Club KC : LHP Donat Karczmarek
Batting: LHB Eduardo Álvarez 0-0: Called Strike
0-1: Called Strike
0-2: Fly out, F5 (Popup, 15)
Batting: RHB Anselmo Berneu 0-0: Ball
1-0: Ball
2-0: Swinging Strike
2-1: SINGLE (Groundball, 6MD)
Batting: SHB Mitch Qualtrough 0-0: Ball
1-0: Ball
2-0: DOUBLE (Line Drive, 7LD)
Anselmo Berneu to third
Batting: RHB Tomás Martínez 0-0: Ball
1-0: Ball
2-0: Ball
3-0: Base on Balls
Batting: LHB Ashley Thachi 0-0: Ball
1-0: Swinging Strike
1-1: Called Strike
1-2: Strikes out swinging
Batting: RHB Felipe Campos 0-0: Swinging Strike
0-1: Swinging Strike
0-2: Ball
1-2: Ground out 1-3 (Groundball, 15S)
Bottom of the 6th over - 0 runs, 2 hits, 0 errors, 3 left on base; Athletic Club KC 2 - Richardson City 1
TOP OF THE 7TH
Athletic Club KC batting - Pitching for Richardson City Thundercats : RHP Josef van der Poel
Batting: RHB Pedro Solís 0-0: Ball
1-0: DOUBLE (Line Drive, 7LM)
Batting: LHB Wu-shun Chu 0-0: Ball
1-0: Ball
2-0: Ground out 6-3 (Groundball, 6M)
Pedro Solís to third
Batting: LHB Pablo Hernández 0-0: Intentional Walk
Pinch Hitting: LHB Jesús Reyes 0-0: Ball
1-0: Foul Ball, location: 2F
1-1: Ball
2-1: Foul Ball, location: 2F
2-2: Strikes out swinging
Pinch Hitting: LHB Tsai Ng 0-0: Foul Ball, location: 2F
0-1: Ball
1-1: Ball
2-1: Called Strike
2-2: Foul Ball, location: 2F
2-2: Foul Ball, location: 2F
2-2: Strikes out looking
Top of the 7th over - 0 runs, 1 hit, 0 errors, 2 left on base; Athletic Club KC 2 - Richardson City 1
BOTTOM OF THE 7TH
Richardson City Thundercats batting - Pitching for Athletic Club KC : LHP Donat Karczmarek
Now at 1B: Tsai Ng
Now at SS: Sul-shik Yu
Batting: RHB Javier Rivera 0-0: Ball
1-0: Ball
2-0: Fly out, F5 (Popup, 5F)
Batting: RHB Alfredo Pizarro 0-0: Ball
1-0: Ground out 3-1 (Groundball, 34)
Batting: RHB IV Seacat 0-0: Ball
1-0: Ball
2-0: Fly out, F6 (Popup, 6MD)
Bottom of the 7th over - 0 runs, 0 hits, 0 errors, 0 left on base; Athletic Club KC 2 - Richardson City 1
TOP OF THE 8TH
Athletic Club KC batting - Pitching for Richardson City Thundercats : RHP Josef van der Poel
Batting: RHB Jesús Vargas 0-0: Called Strike
0-1: Reached on error, E5 (Groundball, 56S)
Batting: SHB Pedro Vázquez 0-0: Called Strike
0-1: Foul Ball, location: 2F
0-2: Ball
1-2: Strikes out looking
Batting: RHB Andrés Medina 0-0: Ball
1-0: Ball
2-0: Called Strike
Jesús Vargas steals 2nd base
2-1: Fly out, F8 (Flyball, 8RM)
Runner from 2nd tags up, SAFE at 3rd with throw
Batting: RHB Karl Schultz 0-0: Ball
1-0: Ball
2-0: SINGLE (Groundball, 6MD)
Jesús Vargas scores
Batting: RHB Pedro Solís 0-0: Called Strike
0-1: Foul Ball, location: 2F
0-2: Ball
1-2: Foul Ball, location: 2F
1-2: Foul Ball, location: 2F
1-2: Foul Ball, location: 2F
1-2: Foul Ball, location: 2F
1-2: Ball
2-2: 2-RUN HOME RUN (Flyball, 7LD), Distance : 355 ft
Pitching: RHP Andrés Martínez
Batting: LHB Wu-shun Chu 0-0: Swinging Strike
0-1: Fly out, F6 (Popup, 6S)
Top of the 8th over - 3 runs, 2 hits, 1 error, 0 left on base; Athletic Club KC 5 - Richardson City 1
BOTTOM OF THE 8TH
Richardson City Thundercats batting - Pitching for Athletic Club KC : LHP Donat Karczmarek
Batting: LHB Eduardo Álvarez 0-0: Ball
1-0: Fly out, F7 (Flyball, 7LSF)
Batting: RHB Anselmo Berneu 0-0: Called Strike
0-1: Called Strike
0-2: Foul Ball, location: 2F
0-2: Ball
1-2: Fly out, F9 (Flyball, 9S)
Batting: SHB Mitch Qualtrough 0-0: Called Strike
0-1: Ball
1-1: Ball
2-1: Called Strike
2-2: Strikes out swinging
Bottom of the 8th over - 0 runs, 0 hits, 0 errors, 0 left on base; Athletic Club KC 5 - Richardson City 1
TOP OF THE 9TH
Athletic Club KC batting - Pitching for Richardson City Thundercats : RHP Andrés Martínez
Batting: LHB Pablo Hernández 0-0: Called Strike
0-1: Ball
1-1: Ball
2-1: Swinging Strike
2-2: Ground out 4-3 (Groundball, 4)
Batting: SHB Sul-shik Yu 0-0: Called Strike
0-1: Fly out, F8 (Line Drive, 8LM)
Batting: LHB Tsai Ng 0-0: Ball
1-0: Ball
2-0: Swinging Strike
2-1: Fly out, F8 (Flyball, 89D)
Top of the 9th over - 0 runs, 0 hits, 0 errors, 0 left on base; Athletic Club KC 5 - Richardson City 1
BOTTOM OF THE 9TH
Richardson City Thundercats batting - Pitching for Athletic Club KC : LHP Donat Karczmarek
Batting: RHB Tomás Martínez 0-0: Ball
1-0: Called Strike
1-1: Called Strike
1-2: Fly out, F8 (Flyball, 78S)
Batting: LHB Ashley Thachi 0-0: Ball
1-0: Foul Ball, location: 2F
1-1: Swinging Strike
1-2: Strikes out swinging
Batting: RHB Felipe Campos 0-0: Ball
1-0: Ball
2-0: Ground out 6-3 (Groundball, 6)
Bottom of the 9th over - 0 runs, 0 hits, 0 errors, 0 left on base; Athletic Club KC 5 - Richardson City 1
Wednesday, September 19th, 2018 - OOTP Baseball 18.8 Build 76